 Dungeon Crawl Stone Soup version 0.31-a0-692-gf03d1854d5 (webtiles) character file.

Game seed: 2987731981918457754

109 qw the Shooter (level 4, -7/28 HPs)
             Began as a Gargoyle Hunter on Sept 6, 2023.
             Mangled by Terence
             ... wielding a +4 flail
              (12 damage)
             ... on level 3 of the Dungeon.
             The game lasted 00:00:47 (2171 turns).

qw the Shooter (Gargoyle Hunter)                    Turns: 2171, Time: 00:00:48

Health: -7/28      AC:  8    Str: 14    XL:     4   Next: 89%
Magic:  4/4        EV: 10    Int: 10    God:
Gold:   203        SH:  0    Dex: 15    Spells: 3/3 levels left

rFire   . . .        Y - +0 shortbow
rCold   . . .        (shield currently unavailable)
rNeg    + . .        e - +0 ring mail
rPois   inf          (no helmet)
rElec   +            (no cloak)
rCorr   .            (no gloves)
SInv    .            (no boots)
Will    .....        (no amulet)
Stlth   +            (no ring)
HPRegen 0.24/turn    (no ring)
MPRegen 0.09/turn

%: no passive effects
@: about to teleport
A: sickness immunity, AC +3, negative energy resistance 1, electricity
resistance, torment resistance 1, petrification resistance
a: no special abilities


You were on level 3 of the Dungeon.
You visited 1 branch of the dungeon, and saw 3 of its levels.

You collected 203 gold pieces.


Innate Abilities, Weirdness & Mutations

You are immune to sickness and miasma.
Your stone body is resilient. (AC +3)
You are immune to poison.
You resist negative energy. (rN+)
You are resistant to electric shocks. (rElec)
You are resistant to unholy torment.
You are immune to petrification.


   Skills:
 - Level 3.0 Fighting
 + Level 5.5 Ranged Weapons
 - Level 1.1 Armour
 - Level 1.5 Dodging
 - Level 1.1 Stealth


You had 3 spell levels left.
You didn't know any spells.
Your spell library was empty.

Inventory:

Hand Weapons
 Y - a +0 shortbow (weapon)
Armour
 e - a +0 ring mail (worn)
Jewellery
 a - a +6 ring of intelligence
Scrolls
 b - a scroll of identify
 f - a scroll of acquirement {unknown}
Potions
 c - a potion of magic {unknown}
 d - a potion of enlightenment {unknown}
 g - a potion of experience {unknown}
 i - a potion of mutation {unknown}

Dungeon Overview and Level Annotations

Branches:
Dungeon (3/15)

Altars:

Annotations:
D:3 Terence


Message History

You shoot an arrow. The arrow hits the ball python!
You kill the ball python!
Found a dagger.
h - a scroll of teleportation Terence the Incautious comes into view.
He is wielding a +4 flail.
Terence shouts!
You shoot an arrow. The arrow hits Terence.
Terence is lightly wounded.
You shoot an arrow.
The arrow hits Terence but does no damage.
You shoot an arrow. The arrow barely misses Terence.
You shoot an arrow. The arrow hits Terence.
Terence is lightly wounded.
Terence says, "You're history."
You shoot an arrow. The arrow closely misses Terence.
Terence hits you with a +4 flail! Terence looks scornfully at you.
Terence hits you but does no damage.
You shoot an arrow. The arrow hits Terence.
Terence is moderately wounded.
Terence hits you with a +4 flail.
You shoot an arrow. The arrow closely misses Terence.
Terence asks, "Do you want it fast or slow?"
Terence hits you with a +4 flail!
You shoot an arrow.
The arrow hits Terence but does no damage.
Terence is moderately wounded.
Terence misses you.
You shoot an arrow. The arrow hits Terence.
Terence is moderately wounded.
Terence hits you with a +4 flail. Terence closely misses you.
2170 ||| READING scroll of teleportation.
As you read the scroll of teleportation, it crumbles to dust.
You feel strangely unstable. Terence hits you with a +4 flail.
You shoot an arrow.
The arrow hits Terence but does no damage.
Terence is moderately wounded.
Terence hits you with a +4 flail!
You die...

######.######.. ##.##...%.#
#.....##### ###..####
###### ####....# #####
......# #....##.####....
.......##.##.........###
........#....##.######
#........@@#..####.##
#...(..........>....# #
#..........#######..#######
#..........# #..%......
#........## #..#######
##........## #..#### #
#..........# #.....# ##
#....<(....# #.###.# #.
#.....<....# #.###.###.


You could see Terence.

Vanquished Creatures
  An orc wizard (D:3)
  2 adders (D:3)
  A worm (D:2)
  2 dart slugs (D:1)
  5 orcs
  4 ball pythons
  2 endoplasms (D:2)
  A giant cockroach (D:2)
  12 goblins
  3 hobgoblins
  A quokka (D:1)
  7 bats
  3 frilled lizards
  6 kobolds (D:2)
  8 rats
58 creatures vanquished.

Notes
Turn   | Place    | Note
-------+----------+-------------------------------------------
     0 | D:1      | qw the Gargoyle Hunter began the quest for the Orb.
     0 | D:1      | Reached XP level 1. HP: 12/12 MP: 1/1
     0 | D:1      | 0 ||| qw: Version: 0.3-a-76-g4403597
     0 | D:1      | 0 ||| qw: Game counter: 354
     0 | D:1      | 0 ||| qw: Melee chars always use a shield: true
     0 | D:1      | 0 ||| qw: God list: Okawaru
     0 | D:1      | 0 ||| qw: Allow faded altars: false
     0 | D:1      | 0 ||| qw: Do Orc after clearing Dungeon:15 true
     0 | D:1      | 0 ||| qw: Do second Lair branch before Depths: true
     0 | D:1      | 0 ||| qw: Lair rune preference: random
     0 | D:1      | 0 ||| qw: Goals: Normal
     0 | D:1      | 0 ||| PLANNING D:1-11
   140 | D:1      | Reached XP level 2. HP: 17/17 MP: 2/2
   147 | D:1      | Found a faded altar of an unknown god.
  1089 | D:1      | 1089 ||| DROPPING ring of flight.
  1090 | D:1      | 1090 ||| READING 2 scrolls labelled XOXTIX BO NOAG.
  1091 | D:1      | 1091 ||| READING scroll labelled VEMADU AFOMUD.
  1096 | D:1      | 1096 ||| READING scroll labelled APUWUQ CUPSAOZ.
  1097 | D:1      | 1097 ||| READING scroll labelled BUWKICZU OFAU.
  1198 | D:1      | 1198 ||| DROPPING scroll of poison.
  1199 | D:1      | 1199 ||| DROPPING scroll of butterflies.
  1250 | D:2      | Reached XP level 3. HP: 21/21 MP: 3/3
  1345 | D:2      | Reached skill level 5 in Ranged Weapons
  1685 | D:2      | 1685 ||| UPGRADING to +0 ring mail.
  1695 | D:2      | 1695 ||| DROPPING +0 leather armour.
  1696 | D:2      | 1696 ||| READING scroll labelled DASIMM UNEGHUE.
  1697 | D:2      | 1697 ||| READING scroll labelled LIOKI URIBBEJ.
  1758 | D:3      | Reached skill level 1 in Armour
  1758 | D:3      | Reached XP level 4. HP: 27/27 MP: 4/4
  1823 | D:3      | Reached skill level 3 in Fighting
  2160 | D:3      | Noticed Terence
  2169 | D:3      | HP: 7/28 [Terence/+4 flail (4)]
  2170 | D:3      | 2170 ||| READING scroll of teleportation.
  2171 | D:3      | Mangled by Terence

Levels and vault maps discovered:
D:1:      lemuel_arrival_behind_the_door_small, layout_basic,
          basic_ecumenical_altar, nicolae_hexahallways
D:2:      layout_rooms, kennysheep_decorative_pillar
D:3:      layout_rooms, uniq_terence

Skill      XL: |  1  2  3  4 |
---------------+-------------+-----
Ranged Weapons | 5 |  5.5
Armour         | 1 |  1.1
Fighting       | 3 |  3.0
Dodging        | |  1.5
Stealth        | |  1.1

Action                     |  1- 3 |  4- 6 || total
---------------------------+-------+-------++-------
   Fire: Shortbow          |    99 |    92 ||   191
    Use: Scroll            |     6 |     1 ||     7
 Armour: Leather armour    |    15 |       ||    15
         Ring mail         |     1 |    55 ||    56
  Dodge: Dodged            |    15 |    34 ||    49

Table legend:
 A = Non-vault XP
 B = Vault XP
 C = Vault XP percentage of total XP
 D = Non-vault monster count
 E = Vault monster count
 F = Vault count percentage of total count
                 A         B        C        D         E       F
            +---------+---------+-------+---------+---------+-------
      Total |     156 |       0 |   0.0 |      58 |       0 |   0.0
            +---------+---------+-------+---------+---------+-------
        D:1 |      31 |       0 |   0.0 |      18 |       0 |   0.0
        D:2 |      35 |       0 |   0.0 |      22 |       0 |   0.0
        D:3 |      90 |       0 |   0.0 |      18 |       0 |   0.0
            +---------+---------+-------+---------+---------+-------
